[Event "1000GM Spring Break Schev-E 2024"]
[Site "San Jose"]
[Date "2024.04.07"]
[Round "1.1"]
[White "Guo, Ethan"]
[Black "Arenas, David"]
[Result "0-1"]
[ECO "B72"]
[WhiteElo "2211"]
[BlackElo "2366"]
[Annotator "RC"]
[PlyCount "88"]
[EventDate "2024.03.28"]
[EventType "schev"]
[EventCountry "USA"]
[SourceTitle "playchess.com"]
[Source "ChessBase"]
[SourceQuality "1"]
[TimeControl "5400+30"]

1. e4 c5 2. Nf3 d6 3. d4 Nf6 4. Nc3 cxd4 5. Nxd4 g6 6. Be3 a6 7. f3 b5 8. a4 b4 9. Na2 e5 10. Nb3 d5 11. exd5 Nxd5 12. Bf2 Nc6 13. Bc4 Be6 14. Qd2 Nf4 15. Bxe6 Nxe6 16. Qxd8+ Rxd8 17. Rd1 Rxd1+ 18. Kxd1 Bh6 19. Nc5 Ke7 20. Nxe6 Kxe6 21. Nc1 Rd8+ 22. Nd3 b3 23. Bc5 f5 24. Re1 Kf6 25. h4 Nd4 26. cxb3 Nxb3 27. Kc2 Rxd3 28. Kxd3 Nxc5+ 29. Kc4 Nxa4 30. Ra1 Nb6+ 31. Kc5 Be3+ 32. Kc6 Bd4 33. Rxa6 e4 34. fxe4 fxe4 35. b4 e3 36. Ra2 Ke5 37. b5 Ke4 38. Kd6 Nc4+ 39. Kc7 Kd3 40. b6 Bxb6+ 41. Kd7 Bd4 42. Ke7 Bb2 43. Ra6 e2 44. Re6 Be5 0-1

[Event "1000GM Spring Break Schev-E 2024"]
[Site "San Jose"]
[Date "2024.04.07"]
[Round "1.2"]
[White "Liu, Patrick"]
[Black "Zuluaga Mancilla, Cesar"]
[Result "1-0"]
[ECO "B41"]
[WhiteElo "2113"]
[BlackElo "2206"]
[Annotator "RC"]
[PlyCount "69"]
[EventDate "2024.03.28"]
[EventType "schev"]
[EventCountry "USA"]
[SourceTitle "playchess.com"]
[Source "ChessBase"]
[SourceQuality "1"]
[TimeControl "5400+30"]

1. e4 c5 2. Nf3 e6 3. d4 cxd4 4. Nxd4 a6 5. h3 Nf6 6. Bd3 Qc7 7. O-O Nc6 8. Nxc6 dxc6 9. Nd2 e5 10. a4 Be6 11. Qe2 Bc5 12. a5 O-O 13. Bc4 Rfe8 14. Bxe6 Rxe6 15. Nc4 Rd8 16. c3 Ree8 17. Bg5 Re6 18. Rad1 Rxd1 19. Rxd1 h6 20. Bh4 g5 21. Bg3 Kg7 22. Qf3 Qe7 23. Kf1 Nd7 24. Qd3 Nf8 25. b4 Ba7 26. Qd8 Ng6 27. Qa8 Bd4 28. cxd4 exd4 29. Qa7 Qxb4 30. Qxd4+ Kh7 31. Nd6 Qxa5 32. Nxf7 Re7 33. Nd6 c5 34. Qd5 Qb4 35. Nf5 1-0

[Event "1000GM Spring Break Schev-E 2024"]
[Site "San Jose"]
[Date "2024.04.07"]
[Round "1.3"]
[White "Deng, Henry"]
[Black "Figueredo Losada, Leonel"]
[Result "1/2-1/2"]
[ECO "B26"]
[WhiteElo "2305"]
[BlackElo "2323"]
[Annotator "RC"]
[PlyCount "74"]
[EventDate "2024.03.28"]
[EventType "schev"]
[EventCountry "USA"]
[SourceTitle "playchess.com"]
[Source "ChessBase"]
[SourceQuality "1"]
[TimeControl "5400+30"]

1. e4 c5 2. Nc3 a6 3. g3 Nc6 4. Bg2 g6 5. d3 Bg7 6. Be3 d6 7. Qd2 Nd4 8. Nd1 e5 9. c3 Ne6 10. Ne2 Nf6 11. Bh6 O-O 12. Bxg7 Nxg7 13. Ne3 Be6 14. f4 exf4 15. Nxf4 Nfh5 16. O-O Qg5 17. Qe2 Rae8 18. Nxe6 Rxe6 19. Rae1 Rfe8 20. Qf2 Rf6 21. Qe2 Rfe6 22. Bh3 Rf6 23. Rxf6 Nxf6 24. Qf2 Re7 25. Rf1 Nge8 26. Nc4 Kg7 27. e5 dxe5 28. Qxc5 Nh5 29. Bg2 Re6 30. Bxb7 Nef6 31. Bg2 Ng4 32. Qd5 Nxg3 33. hxg3 Qh6 34. Rf3 Qc1+ 35. Bf1 Qh6 36. Bg2 Qc1+ 37. Rf1 Qh6 1/2-1/2

[Event "1000GM Spring Break Schev-E 2024"]
[Site "San Jose"]
[Date "2024.04.07"]
[Round "1.4"]
[White "Alarcon Bahamondez, Roberto Ignacio"]
[Black "Tang, Dylan"]
[Result "1-0"]
[ECO "C26"]
[WhiteElo "2300"]
[BlackElo "2217"]
[Annotator "RC"]
[PlyCount "141"]
[EventDate "2024.03.28"]
[EventType "schev"]
[EventCountry "USA"]
[SourceTitle "playchess.com"]
[Source "ChessBase"]
[SourceQuality "1"]
[TimeControl "5400+30"]

1. e4 e5 2. Nc3 Nf6 3. g3 Bc5 4. Bg2 Nc6 5. Nge2 d6 6. Na4 Be6 7. d3 Qe7 8. c3 d5 9. Nxc5 Qxc5 10. Qa4 dxe4 11. Be3 Qa5 12. Qxa5 Nxa5 13. dxe4 Nc4 14. Bc1 O-O-O 15. b3 Nb6 16. Be3 Ng4 17. Bc5 Rd3 18. h3 Nf6 19. Rd1 Rhd8 20. Rxd3 Rxd3 21. c4 Nbd7 22. Be3 Ng8 23. O-O Ne7 24. Rc1 c5 25. Nc3 Rd6 26. Nd5 Nc6 27. f4 f6 28. Rd1 Kd8 29. Rd2 h6 30. Rf2 Nd4 31. Kh2 a5 32. Nc3 Ke7 33. Bd2 b6 34. Be3 Ke8 35. h4 Bf7 36. Bh3 Ke7 37. Kg2 Nb8 38. fxe5 fxe5 39. Nd5+ Bxd5 40. exd5 Nd7 41. Bxd4 exd4 42. Be6 Nf8 43. Bf5 Rf6 44. h5 Kd6 45. g4 g6 46. Bxg6 Rxf2+ 47. Kxf2 Nd7 48. Kf3 Ke5 49. Bf5 Nf6 50. Bg6 Nd7 51. Kf2 Kf4 52. Bf5 Ne5 53. d6 Nf7 54. d7 Nd8 55. Ke2 Nf7 56. Kd2 Nd8 57. Kc2 Nf7 58. Kb2 Kg5 59. Ka3 Kf6 60. Ka4 Ke7 61. Kb5 Ne5 62. g5 hxg5 63. h6 Nf7 64. h7 d3 65. Bg4 d2 66. Kc6 Kd8 67. Bd1 Nh8 68. Kd6 Ng6 69. Be2 Nh8 70. Ke6 a4 71. bxa4 1-0

[Event "1000GM Spring Break Schev-E 2024"]
[Site "San Jose"]
[Date "2024.04.07"]
[Round "1.5"]
[White "Jimenez Garcia, Emmanuel"]
[Black "Atwell, Rose"]
[Result "1/2-1/2"]
[ECO "D12"]
[WhiteElo "2421"]
[BlackElo "2279"]
[Annotator "RC"]
[PlyCount "78"]
[EventDate "2024.03.28"]
[EventType "schev"]
[EventCountry "USA"]
[SourceTitle "playchess.com"]
[Source "ChessBase"]
[SourceQuality "1"]
[TimeControl "5400+30"]

1. c4 c6 2. Nf3 d5 3. d4 Nf6 4. e3 Bf5 5. Nc3 e6 6. Bd3 Bxd3 7. Qxd3 Nbd7 8. O-O Be7 9. e4 dxe4 10. Nxe4 O-O 11. Nc3 Qc7 12. Re1 Rad8 13. Bg5 Rfe8 14. Rad1 c5 15. Nb5 Qb6 16. Bf4 Rc8 17. Qe2 a6 18. dxc5 Qxc5 19. Na3 Qc6 20. Nd4 Qa4 21. Ndc2 Bxa3 22. Nxa3 b5 23. Rc1 Nb6 24. Bg5 Nxc4 25. Nxc4 bxc4 26. Bxf6 gxf6 27. Qg4+ Kf8 28. b3 Qxa2 29. bxc4 Qd2 30. h4 Red8 31. Red1 Qa5 32. Rxd8+ Qxd8 33. Qf4 Ke7 34. c5 Qd5 35. Qb4 Qc6 36. Qa3 Rg8 37. g3 Rd8 38. Qc3 Rd5 39. Qb4 f5 1/2-1/2

[Event "1000GM Spring Break Schev-E 2024"]
[Site "San Jose"]
[Date "2024.04.07"]
[Round "2.1"]
[White "Zuluaga Mancilla, Cesar"]
[Black "Guo, Ethan"]
[Result "1-0"]
[ECO "D93"]
[WhiteElo "2206"]
[BlackElo "2211"]
[Annotator "RC"]
[PlyCount "75"]
[EventDate "2024.03.28"]
[EventType "schev"]
[EventCountry "USA"]
[SourceTitle "playchess.com"]
[Source "ChessBase"]
[SourceQuality "1"]
[TimeControl "5400+30"]

1. d4 Nf6 2. Nf3 g6 3. c4 Bg7 4. Nc3 d5 5. Bf4 O-O 6. e3 c5 7. dxc5 Ne4 8. Be5 Nxc3 9. Bxc3 Bxc3+ 10. bxc3 Qa5 11. Rc1 dxc4 12. Bxc4 Qxc5 13. Qd4 Qf5 14. Ne5 Nc6 15. Nxc6 bxc6 16. O-O c5 17. Qh4 Be6 18. Bxe6 Qxe6 19. Rfd1 Rfd8 20. Qa4 Rxd1+ 21. Rxd1 Qe5 22. c4 e6 23. h3 Qf5 24. Qb3 Qe5 25. f4 Qe4 26. Rd7 Qc6 27. Qb5 Qe4 28. Qxc5 Qb1+ 29. Kh2 Qxa2 30. Qe7 Rf8 31. c5 Qc4 32. Qd6 Rc8 33. c6 Rxc6 34. Rd8+ Kg7 35. Qe5+ Kh6 36. Rg8 f6 37. Qxf6 Qd5 38. Rxg6+ 1-0

[Event "1000GM Spring Break Schev-E 2024"]
[Site "San Jose"]
[Date "2024.04.07"]
[Round "2.2"]
[White "Figueredo Losada, Leonel"]
[Black "Liu, Patrick"]
[Result "1-0"]
[ECO "B23"]
[WhiteElo "2323"]
[BlackElo "2113"]
[Annotator "RC"]
[PlyCount "123"]
[EventDate "2024.03.28"]
[EventType "schev"]
[EventCountry "USA"]
[SourceTitle "playchess.com"]
[Source "ChessBase"]
[SourceQuality "1"]
[TimeControl "5400+30"]

1. e4 c5 2. Nc3 Nc6 3. f4 g6 4. Nf3 Bg7 5. a4 d6 6. Bb5 Bd7 7. O-O e6 8. Bxc6 Bxc6 9. d4 cxd4 10. Nxd4 Nf6 11. Qd3 O-O 12. Kh1 Rc8 13. b3 e5 14. Nxc6 Rxc6 15. f5 Qc8 16. Bd2 Rd8 17. Rad1 a6 18. a5 Rc5 19. Be1 Qc7 20. fxg6 hxg6 21. Na4 Rc6 22. c4 Nd7 23. Bh4 Re8 24. Nc3 Nc5 25. Qf3 Qd7 26. Nd5 Ne6 27. Qh3 Nc5 28. Qf3 Ne6 29. Qh3 Nc5 30. Qxd7 Nxd7 31. Ne7+ Rxe7 32. Bxe7 Bf8 33. Bxf8 Kxf8 34. b4 Rxc4 35. Rxd6 Ke7 36. Rfd1 Nf6 37. Rb6 Rc7 38. b5 Nxe4 39. bxa6 bxa6 40. Re1 Nf2+ 41. Kg1 Nd3 42. Rd1 e4 43. Kf1 Nc5 44. h4 Rc8 45. Rc1 Kd7 46. Ke2 Rc7 47. Ke3 Ke7 48. g4 f5 49. gxf5 gxf5 50. Rg1 Ne6 51. Rg6 Rc3+ 52. Kd2 Rd3+ 53. Kc1 Rd6 54. h5 e3 55. Rxd6 Kxd6 56. h6 f4 57. h7 e2 58. Kd2 f3 59. h8=Q f2 60. Rxe6+ Kxe6 61. Kxe2 f1=Q+ 62. Kxf1 1-0

[Event "1000GM Spring Break Schev-E 2024"]
[Site "San Jose"]
[Date "2024.04.07"]
[Round "2.3"]
[White "Alarcon Bahamondez, Roberto Ignacio"]
[Black "Deng, Henry"]
[Result "1-0"]
[ECO "D12"]
[WhiteElo "2300"]
[BlackElo "2305"]
[Annotator "RC"]
[PlyCount "69"]
[EventDate "2024.03.28"]
[EventType "schev"]
[EventCountry "USA"]
[SourceTitle "playchess.com"]
[Source "ChessBase"]
[SourceQuality "1"]
[TimeControl "5400+30"]

1. d4 d5 2. Nf3 Nf6 3. e3 c6 4. c4 Bf5 5. Nc3 e6 6. Nh4 Bg6 7. g3 Nbd7 8. cxd5 exd5 9. Nxg6 hxg6 10. Bg2 Qc7 11. Bd2 Be7 12. Rc1 Nb6 13. O-O Qd7 14. Qe2 Nc4 15. Be1 Nd6 16. f3 Qe6 17. Bf2 Rc8 18. Rfe1 g5 19. h3 O-O 20. e4 dxe4 21. fxe4 Nc4 22. e5 Nd7 23. d5 cxd5 24. Bxd5 Qa6 25. e6 Nde5 26. exf7+ Rxf7 27. b3 Ba3 28. bxc4 Nf3+ 29. Qxf3 Rcf8 30. Re8 Rxe8 31. Qxf7+ Kh7 32. Qh5+ Qh6 33. Qxe8 Bxc1 34. Bg8+ Kh8 35. Bf7+ 1-0

[Event "1000GM Spring Break Schev-E 2024"]
[Site "San Jose"]
[Date "2024.04.07"]
[Round "2.4"]
[White "Tang, Dylan"]
[Black "Jimenez Garcia, Emmanuel"]
[Result "1-0"]
[ECO "C41"]
[WhiteElo "2217"]
[BlackElo "2421"]
[Annotator "TA"]
[PlyCount "39"]
[EventDate "2024.03.28"]
[EventType "schev"]
[EventCountry "USA"]
[SourceTitle "playchess.com"]
[Source "ChessBase"]
[SourceQuality "1"]
[TimeControl "5400+30"]

1. e4 d6 2. d4 Nf6 3. Nc3 e5 4. Nf3 Nbd7 5. g4 Nxg4 6. Rg1 Ngf6 7. Bc4 h6 {[%emt 0:00:00] Against Ng5} 8. Be3 {[%emt 0:00:10] The position is equal.} c6 9. a4 Qa5 10. Nd2 exd4 11. Bxd4 Ne5 12. Qe2 Nxc4 13. Nxc4 Qb4 {[%emt 0:00:00] [#]} (13... Qh5 $11) 14. O-O-O {[%emt 0:29:09] White is more active.} (14. a5 $1 $16 {Hoping for Ra4.} Be6 15. Ra4 Bxc4 16. Qd1 Qxb2 17. Nd5 Qxd4 (17... Be2 $2 18. Kxe2 $18) 18. Nc7+ Kd8 19. Qxd4 Kxc7 20. Qxc4 (20. Rxc4 c5 $18)) 14... Be6 $14 15. Ne3 {[%emt 0:05:09][%cal Oe3d5][%mdl 1024] White has compensation.} O-O-O 16. f4 $36 {[%emt 0:00:14][%cal Bf2f4,Bf4f5][%mdl 2080] White has some pressure.} Kb8 17. f5 Bc8 18. Nc4 {[%emt 0:00:52] Black must now prevent b3.} b6 19. Qd3 {[%emt 0:07:57][%cal Oc4e5] Strongly threatening Ne5!} Ba6 $2 {[%emt 0:00:00] [#]} ({Black should try} 19... Ka8 $14) 20. Ne5 $1 {[%emt 0:00:17][%mdl 512] Weighted Error Value: White=0.07 (flawless) /Black=0.25 (precise) .  Mistake:       	White=1     	Black=2      Inaccurate:     	White=1     	---        OK:         	White=6     	Black=6      Best:        	White=1     	Black=2      Brilliant:      	White=1     	---} 1-0

[Event "1000GM Spring Break Schev-E 2024"]
[Site "San Jose"]
[Date "2024.04.07"]
[Round "2.5"]
[White "Atwell, Rose"]
[Black "Arenas, David"]
[Result "1/2-1/2"]
[ECO "B53"]
[WhiteElo "2279"]
[BlackElo "2366"]
[Annotator "RC"]
[PlyCount "58"]
[EventDate "2024.03.28"]
[EventType "schev"]
[EventCountry "USA"]
[SourceTitle "playchess.com"]
[Source "ChessBase"]
[SourceQuality "1"]
[TimeControl "5400+30"]

1. e4 c5 2. Nf3 d6 3. d4 Nf6 4. Nc3 cxd4 5. Qxd4 a6 6. e5 Nc6 7. Qa4 dxe5 8. Nxe5 Bd7 9. Nxd7 Qxd7 10. Be3 e6 11. Rd1 Qc7 12. Nb5 Qe5 13. Nd4 Qa5+ 14. Qxa5 Nxa5 15. Bd2 Nc6 16. Nxc6 bxc6 17. Be2 a5 18. O-O Bc5 19. Bf3 Ra6 20. Bc3 Ke7 21. Rd3 Rd8 22. Rxd8 Kxd8 23. Rd1+ Ke7 24. Kf1 g6 25. Bxf6+ Kxf6 26. Rd7 Be7 27. Ke2 a4 28. Kd3 Rb6 29. b3 Ra6 1/2-1/2

[Event "1000GM Spring Break Schev-E 2024"]
[Site "San Jose"]
[Date "2024.04.07"]
[Round "3.1"]
[White "Guo, Ethan"]
[Black "Figueredo Losada, Leonel"]
[Result "0-1"]
[ECO "C70"]
[WhiteElo "2211"]
[BlackElo "2323"]
[Annotator "RC"]
[PlyCount "110"]
[EventDate "2024.03.28"]
[EventType "schev"]
[EventCountry "USA"]
[SourceTitle "playchess.com"]
[Source "ChessBase"]
[SourceQuality "1"]
[TimeControl "5400+30"]

1. e4 e5 2. Nf3 Nc6 3. Bb5 a6 4. Ba4 g6 5. Nc3 Bg7 6. O-O Nge7 7. Nd5 O-O 8. Nxe7+ Qxe7 9. Re1 b5 10. Bb3 Na5 11. h3 Bb7 12. d3 Nxb3 13. axb3 d6 14. c3 c5 15. Nh2 f5 16. exf5 gxf5 17. d4 cxd4 18. cxd4 Qf7 19. dxe5 dxe5 20. b4 Qc4 21. Qd6 Rfd8 22. Qe7 Qf7 23. Qxf7+ Kxf7 24. Be3 e4 25. Rac1 Rac8 26. Rxc8 Rxc8 27. Rd1 Ke6 28. Bc5 Be5 29. f3 a5 30. fxe4 Bxe4 31. Nf3 Bxf3 32. gxf3 Bxb2 33. Rd6+ Ke5 34. Rb6 a4 35. Rxb5 a3 36. Ra5 Kd5 37. Be7+ Kc4 38. b5 Kb3 39. Bxa3 Bxa3 40. b6 Bc5+ 41. Kf1 Kb4 42. b7 Rb8 43. Ra6 Rxb7 44. Rf6 Kc4 45. Rxf5 Bd4 46. Kg2 Rg7+ 47. Kh2 Kd3 48. h4 Ke2 49. Kh3 Be3 50. h5 Kf2 51. Kh2 Bb6 52. f4 Bc7 53. Rf8 Kf3 54. Kh3 Bxf4 55. Kh4 Rg1 0-1

[Event "1000GM Spring Break Schev-E 2024"]
[Site "San Jose"]
[Date "2024.04.07"]
[Round "3.2"]
[White "Liu, Patrick"]
[Black "Alarcon Bahamondez, Roberto Ignacio"]
[Result "0-1"]
[ECO "C42"]
[WhiteElo "2113"]
[BlackElo "2300"]
[Annotator "RC"]
[PlyCount "112"]
[EventDate "2024.03.28"]
[EventType "schev"]
[EventCountry "USA"]
[SourceTitle "playchess.com"]
[Source "ChessBase"]
[SourceQuality "1"]
[TimeControl "5400+30"]

1. e4 e5 2. Nf3 Nf6 3. Nxe5 d6 4. Nf3 Nxe4 5. Nc3 Nf6 6. d4 Bf5 7. Be3 d5 8. Bd3 Bxd3 9. Qxd3 c6 10. Bf4 Bb4 11. O-O-O O-O 12. Ne2 Ne4 13. Be3 Re8 14. h4 Qa5 15. Kb1 Qa6 16. Nf4 Bd6 17. Qxa6 Nxa6 18. Nd3 Nb4 19. Nxb4 Bxb4 20. Ne5 Bd6 21. Nd3 Ng3 22. Rh3 Nf5 23. g4 Nxe3 24. fxe3 Re4 25. Nf2 Re6 26. Kc1 Rf6 27. Nd3 Rg6 28. Nf2 Re8 29. Kd2 h5 30. gxh5 Rg3 31. Rxg3 Bxg3 32. Ng4 Re4 33. Ne5 Bxe5 34. dxe5 Rxh4 35. c4 Rxh5 36. cxd5 Rxe5 37. dxc6 Rd5+ 38. Kc2 bxc6 39. Rg1 f6 40. b4 Rb5 41. Kc3 Kf7 42. a4 Re5 43. Kd4 g5 44. Rc1 Re6 45. Rg1 Kg6 46. e4 Re5 47. Rc1 Re6 48. Rg1 a6 49. a5 Kh5 50. Rb1 g4 51. Kc5 g3 52. Kb6 Rxe4 53. Kxa6 f5 54. Kb7 f4 55. a6 f3 56. Kxc6 g2 0-1

[Event "1000GM Spring Break Schev-E 2024"]
[Site "San Jose"]
[Date "2024.04.07"]
[Round "3.3"]
[White "Jimenez Garcia, Emmanuel"]
[Black "Deng, Henry"]
[Result "1/2-1/2"]
[ECO "D45"]
[WhiteElo "2421"]
[BlackElo "2305"]
[Annotator "TA"]
[PlyCount "57"]
[EventDate "2024.03.28"]
[EventType "schev"]
[EventCountry "USA"]
[SourceTitle "playchess.com"]
[Source "ChessBase"]
[SourceQuality "1"]
[TimeControl "5400+30"]

1. Nf3 d5 2. e3 Nf6 3. c4 c6 4. Nc3 Nbd7 5. cxd5 cxd5 6. d4 e6 7. Bd2 a6 8. a4 b6 9. Bd3 Bb7 10. O-O Bd6 11. Na2 Qe7 12. Qb3 O-O 13. Bb4 Rfc8 14. Rfc1 Rab8 {[%emt 0:11:07] The position is equal.} 15. Bxd6 (15. Rxc8+ {simplifies} Rxc8 16. Bxd6 Qxd6 17. g3) 15... Qxd6 (15... Rxc1+ 16. Nxc1 (16. Rxc1 Qxd6 17. Ne5 Kf8 $14) 16... Qxd6 17. Qa2) 16. Qb4 Qxb4 17. Nxb4 a5 18. Na6 Rxc1+ 19. Rxc1 Rc8 (19... Ra8 $5 20. Nc7 $8 Rc8 $11) 20. Rxc8+ Bxc8 21. Nc7 Kf8 22. h3 Ke7 23. g4 h6 24. Kg2 Kd8 25. Nb5 Ba6 26. Ne1 Bxb5 27. Bxb5 Ne4 28. Bd3 Nd6 29. f4 {[%emt 0:01:33] A rather calm draw.   Weighted Error Value: White=0.04 (flawless) /Black=0.03 (flawless) .  OK:         	White=6     	Black=12     Best:        	---       	Black=1} 1/2-1/2

[Event "1000GM Spring Break Schev-E 2024"]
[Site "San Jose"]
[Date "2024.04.07"]
[Round "3.4"]
[White "Arenas, David"]
[Black "Tang, Dylan"]
[Result "1/2-1/2"]
[ECO "C50"]
[WhiteElo "2366"]
[BlackElo "2217"]
[Annotator "RC"]
[PlyCount "60"]
[EventDate "2024.03.28"]
[EventType "schev"]
[EventCountry "USA"]
[SourceTitle "playchess.com"]
[Source "ChessBase"]
[SourceQuality "1"]
[TimeControl "5400+30"]

1. e4 e5 2. Nf3 Nc6 3. Bc4 Bc5 4. d3 Nf6 5. a4 O-O 6. O-O d6 7. a5 Be6 8. Bxe6 fxe6 9. c3 a6 10. b4 Ba7 11. Be3 Bxe3 12. fxe3 d5 13. Nbd2 Qd7 14. Qe2 Rad8 15. Rfd1 Qe7 16. Rab1 Rd7 17. Qe1 Rfd8 18. Qe2 h6 19. h3 Qe8 20. Rbc1 Qg6 21. Nh4 Qg3 22. Nhf3 Qg6 23. Nh4 Qh7 24. exd5 Rxd5 25. d4 exd4 26. exd4 e5 27. Nb3 exd4 28. Nxd4 Qe4 29. Qxe4 Nxe4 30. Re1 Nxd4 1/2-1/2

[Event "1000GM Spring Break Schev-E 2024"]
[Site "San Jose"]
[Date "2024.04.07"]
[Round "3.5"]
[White "Atwell, Rose"]
[Black "Zuluaga Mancilla, Cesar"]
[Result "1-0"]
[ECO "B50"]
[WhiteElo "2279"]
[BlackElo "2206"]
[Annotator "RC"]
[PlyCount "89"]
[EventDate "2024.03.28"]
[EventType "schev"]
[EventCountry "USA"]
[SourceTitle "playchess.com"]
[Source "ChessBase"]
[SourceQuality "1"]
[TimeControl "5400+30"]

1. e4 c5 2. Nf3 e6 3. b3 a6 4. Bb2 d6 5. d4 cxd4 6. Qxd4 Nc6 7. Qd2 Nf6 8. Bd3 Be7 9. c4 O-O 10. Nc3 Ne5 11. Bc2 Qc7 12. Nd4 Bd7 13. f4 Nc6 14. Nf3 Rfc8 15. O-O b5 16. cxb5 axb5 17. Kh1 Nb4 18. Bb1 Be8 19. a3 Na6 20. e5 dxe5 21. fxe5 Ng4 22. Qd4 h5 23. h3 Nh6 24. b4 Qa7 25. Qd3 g6 26. Nxb5 Bxb5 27. Qxb5 Rab8 28. Qe2 Nc7 29. Nd4 Nd5 30. Be4 Qd7 31. Rad1 Bf8 32. Qd3 Ne7 33. Qf3 Qe8 34. Bc1 Bg7 35. b5 Nhf5 36. Nc6 Rxb5 37. Na7 Bxe5 38. Nxc8 Qxc8 39. Bf4 Qb8 40. g4 hxg4 41. hxg4 Bxf4 42. gxf5 g5 43. fxe6 f5 44. Qh5 Qf8 45. Rxf4 1-0

[Event "1000GM Spring Break Schev-E 2024"]
[Site "San Jose"]
[Date "2024.04.07"]
[Round "4.1"]
[White "Alarcon Bahamondez, Roberto Ignacio"]
[Black "Guo, Ethan"]
[Result "1/2-1/2"]
[ECO "A26"]
[WhiteElo "2300"]
[BlackElo "2211"]
[Annotator "RC"]
[PlyCount "65"]
[EventDate "2024.03.28"]
[EventType "schev"]
[EventCountry "USA"]
[SourceTitle "playchess.com"]
[Source "ChessBase"]
[SourceQuality "1"]
[TimeControl "5400+30"]

1. c4 Nf6 2. Nc3 g6 3. e4 e5 4. g3 Bg7 5. Bg2 O-O 6. Nge2 d6 7. O-O Nc6 8. d3 Nd7 9. Rb1 a5 10. Be3 Nc5 11. Qd2 Ne6 12. f4 exf4 13. gxf4 Ned4 14. Nxd4 Nxd4 15. Qf2 c5 16. Kh1 Kh8 17. Nb5 Nxb5 18. cxb5 f5 19. Rbd1 Rb8 20. d4 c4 21. e5 d5 22. a4 Be6 23. Bf3 Rc8 24. Bd2 b6 25. Qg2 Rf7 26. Rc1 Rfc7 27. Bd1 Bf8 28. Rf3 Kg8 29. Rh3 Rg7 30. Qf2 Be7 31. Rh6 Bf8 32. Rh3 Be7 33. Rh6 1/2-1/2

[Event "1000GM Spring Break Schev-E 2024"]
[Site "San Jose"]
[Date "2024.04.07"]
[Round "4.2"]
[White "Jimenez Garcia, Emmanuel"]
[Black "Liu, Patrick"]
[Result "1-0"]
[ECO "C00"]
[WhiteElo "2421"]
[BlackElo "2113"]
[Annotator "TA"]
[PlyCount "75"]
[EventDate "2024.03.28"]
[EventType "schev"]
[EventCountry "USA"]
[SourceTitle "playchess.com"]
[Source "ChessBase"]
[SourceQuality "1"]
[TimeControl "5400+30"]

1. e4 c5 2. Nf3 e6 3. d3 d5 4. Qe2 Be7 5. g3 Nf6 6. Bg2 Nc6 7. e5 Nd7 8. c4 d4 9. h4 {[%emt 0:02:19] The position is equal.} a6 10. Bf4 Rb8 11. Nbd2 Qc7 12. O-O O-O 13. Ne4 Ndxe5 (13... Qd8 $11) 14. Nxe5 $16 Nxe5 {[%emt 0:00:08] [#]} 15. Nxc5 $1 Qxc5 (15... Bxc5 16. Bxe5) 16. Qxe5 ({But not} 16. Bxe5 Bd6 17. Bxd6 Qxd6 $11) 16... Ra8 17. a3 {[%emt 0:03:50][%cal Ba2a3,Ba3b4,Bb4b5,Bb5b6][%mdl 32] White is more active.} a5 18. Qxc5 Bxc5 19. Bd2 a4 (19... Bd6 $16) 20. Bb4 $18 Bxb4 21. axb4 e5 22. b5 Bf5 (22... g6 $142 23. Ra3 Re8) 23. Ra3 Ra7 (23... Rab8 $142 24. Rd1 (24. Rxa4 Bxd3 25. Rc1 Rfd8 $15) 24... h6 25. Rxa4 b6) 24. Re1 f6 25. b6 Ra6 26. c5 ({Stronger than} 26. Bxb7 Rxb6 27. Bd5+ Kh8 $11) 26... Rb8 27. f4 exf4 $2 {[%emt 0:02:55] [#]} (27... e4 28. dxe4 Be6) 28. Re7 fxg3 29. Bd5+ Kh8 30. Rxb7 Re8 31. Ra7 Bh3 32. Ra1 (32. Rxa6 $2 Re1#) 32... Bc8 33. Rxa6 Bxa6 34. Rxa4 Bxd3 35. Ra8 {[%emt 0:01:05] White mates.} Rxa8 36. Bxa8 Ba6 37. c6 d3 38. b7 {[%emt 0:00:16] Weighted Error Value: White=0.08 (flawless) /Black=0.60.  Mistake:       	---       	Black=5      Inaccurate:     	White=1     	Black=2      OK:         	White=11    	Black=5      Best:        	White=2     	---        Brilliant:      	White=1     	---} 1-0

[Event "1000GM Spring Break Schev-E 2024"]
[Site "San Jose"]
[Date "2024.04.07"]
[Round "4.3"]
[White "Deng, Henry"]
[Black "Arenas, David"]
[Result "1/2-1/2"]
[ECO "C50"]
[WhiteElo "2305"]
[BlackElo "2366"]
[Annotator "RC"]
[PlyCount "48"]
[EventDate "2024.03.28"]
[EventType "schev"]
[EventCountry "USA"]
[SourceTitle "playchess.com"]
[Source "ChessBase"]
[SourceQuality "1"]
[TimeControl "5400+30"]

1. e4 e5 2. Nf3 Nc6 3. Bc4 Bc5 4. Nc3 Nf6 5. d3 d6 6. Na4 Bb6 7. a3 h6 8. h3 Ne7 9. Nxb6 axb6 10. O-O O-O 11. Re1 Ng6 12. c3 Re8 13. b4 c6 14. Bb3 d5 15. Bb2 b5 16. Qc2 Be6 17. Rad1 Qc8 18. Kh2 dxe4 19. dxe4 Bxb3 20. Qxb3 Qe6 21. Qxe6 Rxe6 22. g3 Re7 23. Rc1 Rd8 24. Re3 Rd6 1/2-1/2

[Event "1000GM Spring Break Schev-E 2024"]
[Site "San Jose"]
[Date "2024.04.07"]
[Round "4.4"]
[White "Tang, Dylan"]
[Black "Zuluaga Mancilla, Cesar"]
[Result "1/2-1/2"]
[ECO "B41"]
[WhiteElo "2217"]
[BlackElo "2206"]
[Annotator "RC"]
[PlyCount "113"]
[EventDate "2024.03.28"]
[EventType "schev"]
[EventCountry "USA"]
[SourceTitle "playchess.com"]
[Source "ChessBase"]
[SourceQuality "1"]
[TimeControl "5400+30"]

1. e4 c5 2. Nf3 e6 3. d4 cxd4 4. Nxd4 a6 5. c4 Nf6 6. Nc3 Bb4 7. Qf3 d5 8. e5 Ne4 9. Be2 f5 10. O-O Nc6 11. Nxc6 bxc6 12. Nxe4 fxe4 13. Qf4 Rf8 14. Qg4 Kf7 15. f3 Bc5+ 16. Kh1 Kg8 17. Bh6 Ra7 18. fxe4 d4 19. a3 a5 20. b4 axb4 21. axb4 Rxf1+ 22. Bxf1 Qf8 23. Rd1 Bxb4 24. Bf4 c5 25. h4 Rf7 26. g3 Qe8 27. Bh3 Qc6 28. Bg5 Bb7 29. Kg1 Bc8 30. h5 Qa6 31. Rf1 Rxf1+ 32. Bxf1 Qb7 33. h6 g6 34. Qf4 Qf7 35. Kf2 Qxf4+ 36. gxf4 Kf7 37. Bd3 Bd2 38. Kf3 Ke8 39. Ke2 Ba5 40. Kd1 Bd7 41. Bc2 Kf7 42. Ke2 Bc3 43. Kd1 Bc8 44. Bd3 Ba5 45. Kc2 Be1 46. Kb3 Bd2 47. Bc2 Bd7 48. Bd3 Be3 49. Bc2 Bc6 50. Bd3 Ke8 51. Bc2 Kd7 52. Bd3 Kc8 53. Bc2 Bd7 54. Bd3 Kb7 55. Bc2 Bd2 56. Bd3 Ka6 57. Bc2 1/2-1/2